 Dungeon Crawl Stone Soup version 0.29.1-1-gd02db6906a (webtiles) character file.

Game seed: 4188079979256361354

30 Ashen the Chiller (level 3, 26/26 HPs)
             Began as a Demonspawn Ice Elementalist on Sept 15, 2022.
             Got out of the dungeon alive.
             The game lasted 00:02:13 (1704 turns).

Ashen the Chiller (Demonspawn Ice Elementalist)     Turns: 1704, Time: 00:02:13

Health: 26/26      AC:  4    Str:  8    XL:     3   Next: 3%
Magic:  6/6        EV: 12    Int: 18    God:
Gold:   50         SH:  0    Dex: 13    Spells: 5/6 levels left

rFire   . . .      SeeInvis .   e - +2 dagger (speed)
rCold   . . .      Faith    .   (no shield)
rNeg    . . .      Spirit   .   a - +0 robe
rPois   .          Reflect  .   j - +0 helmet
rElec   .          Harm     .   (no cloak)
rCorr   .          Rampage  .   k - +0 pair of gloves
Will    .....                   (no boots)
Stlth   ++........              (no amulet)
HPRegen 0.08/turn               (no ring)
MPRegen 0.10/turn               (no ring)

@: no status effects
A: demonic guardian 1, spiny 1
a: no special abilities


You escaped.
You visited 1 branch of the dungeon, and saw 2 of its levels.

You collected 50 gold pieces.

Inventory:

Hand Weapons
 e - a +2 dagger of speed (weapon)
Armour
 a - a +0 robe (worn)
 j - a +0 helmet (worn)
 k - a +0 pair of gloves (worn)
Scrolls
 d - a scroll of brand weapon {unknown}
 f - a scroll of enchant armour {unknown}
 h - a scroll of teleportation {unknown}
Potions
 b - a potion of magic
 c - 2 potions of lignification {unknown}
 g - 2 potions of haste {unknown}
 i - a potion of resistance {unknown}


   Skills:
 + Level 1.0 Fighting
 + Level 2.1 Dodging
 + Level 2.2 Stealth
 + Level 2.3 Spellcasting
 + Level 3.8 Ice Magic


You had 5 spell levels left.
You knew the following spells:

 Your Spells              Type           Power      Damage    Failure   Level
a - Freeze                Ice            60%        1d8       3%          1

Your spell library contained the following spells:

 Spells                   Type           Power      Damage    Failure   Level
 Frozen Ramparts          Ice            30%        1d5       11%         3
 Ozocubu's Armour         Ice            15%        N/A       11%         3
 Hailstorm                Conj/Ice       8%         3d4       63%         4


Dungeon Overview and Level Annotations

Branches:
Dungeon (2/15)

Altars:


Innate Abilities, Weirdness & Mutations

A weak demonic guardian rushes to your aid.
You are partially covered in sharp spines.


Message History

You continue putting on your +0 pair of gloves. x4
You finish putting on your +0 pair of gloves.
Your shadow imp disappears in a puff of smoke!
You see here the +4 ring mail of Impermeability {Harm Int+5}.
A rat comes into view.
A rat is nearby!
A kobold comes into view. It is wielding a +0 dagger.
The helpless rat fails to defend itself.
You hit the rat.
You kill the rat!
The kobold shouts!
Your Fighting skill increases to level 1!
You have reached level 3!
Your experience leads to an increase in your attributes!
Increase (S)trength, (I)ntelligence, or (D)exterity?
You feel clever. x2; Your demonic ancestry asserts itself...
Sharp spines emerge from parts of your body.
The kobold throws a stone.
The stone closely misses you.
The kobold throws a stone.
The stone hits you but does no damage.
The kobold throws a stone.
The stone hits you but does no damage. The kobold is struck by your spines.
The kobold hits you but does no damage.
You hit the kobold but do no damage.
The kobold is heavily wounded.
The kobold is struck by your spines. The kobold hits you but does no damage.
You closely miss the kobold.
The kobold is severely wounded.
The kobold is struck by your spines.
You kill the kobold!
No target in view!
Things that are here:
a +0 short sword; a kobold corpse
There is a stone staircase leading up, spattered with blood here.
You climb upwards.
There is a stone staircase leading down here.
You see here a ball python skeleton.
There is a staircase leading out of the dungeon here.
Are you sure you want to leave the Dungeon?
This will make you lose the game!
Uppercase [Y]es or [N]o only, please.
Are you sure you want to leave the Dungeon?
This will make you lose the game!
You have escaped!

#####.# ......# #########
..##.## ######.......######
#.##.# #......#####......#
..##.############.#####..###.#
####.#.....^.####.##.....# #.#
####.#.#........###..##..###.#
.....#.#......#...#..........#
######.#......#.@.########.###
#.#...##.#...# #.....#
###.....##.##### #.#####
#..>.........# #.#
#.###.########### #.#
####......#.##.....# #.#
......##...........# #.#
......#...#........###.####
).....#.#.####.....##.#...#


There were no monsters in sight!

Vanquished Creatures
  A worm (D:2)
  3 ball pythons (D:1)
  An endoplasm (D:1)
  A giant cockroach (D:1)
  2 goblins (D:1)
  4 hobgoblins
  4 jackals (D:1)
  A bat (D:1)
  A frilled lizard (D:1)
  3 kobolds
  2 rats
23 creatures vanquished.

Vanquished Creatures (collateral kills)
  A ball python (D:1)
  A rat (D:1)
2 creatures vanquished.

Grand Total: 25 creatures vanquished

Notes
Turn   | Place    | Note
-------+----------+-------------------------------------------
     0 | D:1      | Ashen the Demonspawn Ice Elementalist began the quest for
                  | the Orb.
     0 | D:1      | Reached XP level 1. HP: 13/13 MP: 3/3
    84 | D:1      | Gained mutation: A weak demonic guardian rushes to your
                  | aid. [demonic ancestry]
    84 | D:1      | Reached XP level 2. HP: 11/20 MP: 0/5
   905 | D:1      | Found a faded altar of an unknown god.
  1601 | D:2      | Identified the +4 ring mail of Impermeability {Harm Int+5}
  1615 | D:2      | Reached skill level 1 in Fighting
  1615 | D:2      | Gained mutation: You are partially covered in sharp spines.
                  | [demonic ancestry]
  1615 | D:2      | Reached XP level 3. HP: 26/26 MP: 6/6
  1704 | D:$      | Got out of the dungeon alive.

Illustrated notes

Levels and vault maps discovered:
D:1:      amcnicky_arrival_single_pillar, layout_loops_cross,
          hellmonk_ecumenical_altar_inner_sanctum, nrook_uturn
D:2:      layout_loops_ring, roderic_lattice_a, kennysheep_nondescript,
          nicolae_underground_beach

Skill      XL: |  1  2 |
---------------+-------+-----
Stealth        | 2 |  2.2
Dodging        | 2 |  2.1
Fighting       | 1 |  1.0
Spellcasting   | |  2.3
Ice Magic      | |  3.8

Action                   || total
-------------------------++-------
Melee: Unarmed           ||    13
       Dagger            ||    26
 Cast: Freeze            ||    20
 Stab: Sleeping          ||     2
Armor: Robe              ||    10
Dodge: Dodged            ||    40
